 Dungeon Crawl Stone Soup version 0.19.5 (webtiles) character file.

160 Cecillian the Skirmisher (level 5, -4/44 HPs)
             Began as a Demonspawn Abyssal Knight on May 6, 2017.
             Was a Believer of Lugonu.
             Killed from afar by an orc wizard (7 damage)
             ... with a puff of flame
             ... on level 3 of the Dungeon.
             The game lasted 00:08:00 (3022 turns).

Cecillian the Skirmisher (DsAK)                     Turns: 3022, Time: 00:08:02

Health: -4/44      AC:  6    Str: 12    XL:     5   Next: 17%
Magic:  6/6        EV: 12    Int: 13    God:    Lugonu [**....]
Gold:   87         SH:  0    Dex: 14    Spells: 0 memorised, 4 levels left

rFire  . . .     SeeInvis .     a - +1 falchion
rCold  . . .     Gourm    .     b - +0 leather armour
rNeg   . . .     Faith    .     (no shield)
rPois  .         Spirit   .     (no helmet)
rElec  .         Reflect  .     d - +0 cloak
rCorr  .         Harm     .     (no gloves)
MR     .....                    (no boots)
Stlth  +.........               (no amulet)
                                (no ring)
                                (no ring)

@: no status effects
A: hooves 1, rugged brown scales 2, powered by pain 1
a: Depart the Abyss, Bend Space, Renounce Religion


You were on level 3 of the Dungeon.
You worshipped Lugonu.
Lugonu was pleased with you.
You were near starving.

You visited 1 branch of the dungeon, and saw 3 of its levels.
You visited the Abyss 1 time.

You collected 87 gold pieces.

Inventory:

Hand Weapons
 a - a +1 falchion (weapon)
 f - a +0 hand axe
 k - a +3 whip
 s - a +0 hunting sling
Missiles
 e - 35 arrows
 j - 28 bolts
 l - 104 stones (quivered)
 m - 13 poisoned needles
 n - 35 sling bullets
Armour
 b - a +0 leather armour (worn)
 d - a +0 cloak (worn)
Scrolls
 o - a scroll of fog {unknown}
 t - a scroll of enchant armour {unknown}
 u - a scroll of remove curse
Potions
 g - a potion of lignification
 h - a potion of cure mutation {unknown}
 i - a potion of degeneration {unknown}
 q - a potion of magic {unknown}
 r - a potion of curing {unknown}
Comestibles
 c - 2 bread rations
 p - 2 fruits


   Skills:
 + Level 4.1 Fighting
 + Level 2.2 Long Blades
 + Level 1.5(1.7) Axes
 + Level 0.8(1.3) Maces & Flails
 + Level 2.5 Armour
 + Level 1.6 Dodging
 + Level 0.6 Stealth
 + Level 2.6 Invocations


You had 4 spell levels left.
You didn't know any spells.

Dungeon Overview and Level Annotations

Branches:
Dungeon (3/15)

Altars:


Innate Abilities, Weirdness & Mutations

You have large cloven feet.
You are mostly covered in rugged brown scales. (AC +2, +5% HP)
You sometimes gain a little power by taking damage.


Message History

You kick the orc, but do no damage.
The orc is moderately wounded.
You closely miss the orc wizard. Your kick misses the orc wizard.
The orc wizard is almost dead.
The orc wizard hits you but does no damage.
The orc hits you with a mace.
* * * LOW HITPOINT WARNING * * *
You miss the orc wizard.
The orc wizard is almost dead.
The orc wizard hits you but does no damage.
The orc hits you with a mace.
* * * LOW HITPOINT WARNING * * *
You hit the orc wizard but do no damage.
The orc wizard is almost dead.
The orc wizard hits you but does no damage.
The orc hits you with a mace.
* * * LOW HITPOINT WARNING * * *
The orc wizard gestures at you while chanting.
The puff of flame hits you!
You die...

##.# .#.#
##..# ...#
#..# #..#
########..###
#.....(@o.<.#
#.######o.#.#
#......#.#
#.###.##..
#.# .## #.#
$# >.. .# ##.
o# .


You could see an orc wizard and an orc.

Vanquished Creatures
  Jessica (D:2)
  An orc wizard (D:3)
  4 adders (D:2)
  A worm (D:2)
  3 dart slugs (D:2)
  3 leopard geckos (D:1)
  4 orcs (D:3)
  7 bats
  2 giant cockroaches (D:3)
  5 goblins
  7 hobgoblins
  4 jackals
  A quokka (D:2)
  3 ball pythons (D:2)
  2 frilled lizards
  8 kobolds
  6 rats
62 creatures vanquished.

Notes
Turn   | Place    | Note
-------+----------+-------------------------------------------
     0 | Abyss:1  | Cecillian the Demonspawn Abyssal Knight began the quest for the Orb.
     0 | Abyss:1  | Reached XP level 1. HP: 18/18 MP: 2/2
    73 | Abyss:1  | Noticed a large abomination
    75 | Abyss:1  | Noticed a small abomination
    77 | D:1      | Escaped the Abyss
   235 | D:1      | Gained mutation: You are partially covered in rugged brown scales. (AC +1, +3% HP) [demonic ancestry]
   235 | D:1      | Reached XP level 2. HP: 17/24 MP: 3/3
   477 | D:1      | Reached skill level 1 in Dodging
   837 | D:1      | Reached * piety under Lugonu
  1133 | D:2      | Gained mutation: You are mostly covered in rugged brown scales. (AC +2, +5% HP) [demonic ancestry]
  1133 | D:2      | Reached XP level 3. HP: 20/31 MP: 4/4
  1962 | D:2      | Noticed Jessica
  1982 | D:2      | Killed Jessica
  1982 | D:2      | Reached skill level 4 in Fighting
  1982 | D:2      | Reached skill level 1 in Axes
  1982 | D:2      | Gained mutation: You have large cloven feet. [demonic ancestry]
  1982 | D:2      | Reached XP level 4. HP: 20/38 MP: 5/5
  2393 | D:2      | Reached ** piety under Lugonu
  2998 | D:3      | Gained mutation: You sometimes gain a little power by taking damage. [demonic ancestry]
  2998 | D:3      | Reached XP level 5. HP: 30/44 MP: 6/6
  3022 | D:3      | Killed from afar by an orc wizard

Skill      XL: |  1  2  3  4 |
---------------+-------------+-----
Dodging        | 1 |  1.6
Armour         | 2 |  2.5
Fighting       | 4 |  4.1
Axes           | 1 |  1.5
Long Blades    | 2 |  2.2
Maces & Flails | |  0.8
Stealth        | |  0.6
Invocations    | |  2.6

Action                   |  1- 3 |  4- 6 || total
-------------------------+-------+-------++-------
Melee: Falchion          |    49 |    45 ||    94
       Hand axe          |    54 |       ||    54
       Whip              |       |    78 ||    78
       Kick              |       |    20 ||    20
Throw: Stone             |     6 |       ||     6
Invok: Depart the Abyss  |     1 |       ||     1
  Use: Scroll            |     2 |     2 ||     4
  Eat: Meat ration       |     1 |       ||     1
Armor: Leather armour    |    39 |    55 ||    94
Dodge: Dodged            |    84 |    60 ||   144
       Rpst.: Falchion   |    13 |     6 ||    19
